[Event "45th FIDE Womens Olympiad 2024"]
[Site "Budapest"]
[Date "2024.09.16"]
[Round "6.23"]
[White "Luong, Phuong Hanh"]
[Black "Beydullayeva, Govhar"]
[Result "0-1"]
[ECO "E08"]
[WhiteElo "2225"]
[BlackElo "2395"]
[Annotator "TA"]
[PlyCount "94"]
[EventDate "2024.09.05"]
[EventType "team-tourn"]
[EventCountry "HUN"]
[SourceTitle "playchess.com"]
[Source "ChessBase"]
[SourceQuality "1"]
[WhiteTeam "Vietnam"]
[BlackTeam "Azerbaijan"]
[WhiteTeamCountry "VIE"]
[BlackTeamCountry "AZE"]
[TimeControl "40/5400+30:1800+30"]

1. d4 Nf6 2. c4 e6 3. Nf3 d5 4. g3 Bb4+ 5. Bd2 Be7 6. Bg2 O-O 7. O-O Nbd7 8. Qc2 c6 9. Bf4 a5 10. Rd1 a4 11. Ne5 Nxe5 12. dxe5 {[%emt 0:00:10] White is slightly better.} Nd7 13. cxd5 $1 exd5 14. e4 Nb6 15. exd5 Nxd5 16. Nc3 Be6 17. Nxd5 cxd5 18. Rac1 a3 $1 19. bxa3 Rxa3 20. Be3 h5 21. Qb2 Qa8 22. Rc7 (22. Bxd5 Bxd5 23. Rxd5 Rxe3 24. fxe3 Ba3 $17) 22... d4 23. Bxd4 (23. Qxd4 Rd8 24. Qa1 Rxa2 $15) 23... Qa4 24. Qc1 (24. Ra1 $14 {might be stronger.} Rd8 25. Rxe7 (25. Rxb7 $2 Bf8 $19) 25... Rxd4 26. Bxb7) 24... Bg5 25. f4 $1 (25. Qxg5 $2 Qxd1+ 26. Bf1 Qxd4 $19) 25... Rd8 $1 26. fxg5 Rxd4 27. Rf1 Rxa2 {[%emt 0:06:02] Threatens to win with ...Rdd2.} (27... Bxa2 28. Rxb7 Bc4 29. e6 Bxe6 30. g6 fxg6 31. Qc7 $18) 28. g6 $1 fxg6 $40 {[%emt 0:01:17][%mdl 128] And now ...Rdd2 would win. Black has some attack.} 29. Qg5 (29. Qc5 $1 $11 Qb4 30. Qxb4 Rxb4 31. Re7) 29... Rd7 $1 $19 ({Inferior is} 29... Rdd2 30. Rf8+ Kh7 31. Rxg7+ Kxg7 32. Qf6+ Kh7 33. Rh8#) 30. Rxd7 Qxd7 31. Qe3 {[%emt 0:02:29] [#]} (31. Qxg6 $2 {perishes.} Rxg2+ 32. Kxg2 Bh3+ 33. Kf3 Qd5+ (33... Bxf1 $2 34. Ke3 $19) 34. Ke2 Qxe5+ (34... Bxf1+ $2 35. Ke1 $19) 35. Kf2 Qc5+ (35... Qd4+ $2 36. Ke2 $19) 36. Kf3 Bxf1 $19) 31... Rxg2+ 32. Kxg2 {[%emt 0:00:03][%mdl 4096] Endgame. KQR-KQB} Bh3+ 33. Kg1 Bxf1 34. Kxf1 $17 {[%emt 0:00:09] KQ-KQ} Qd1+ (34... Kf7 $17 {...Qd1+ is the strong threat.} 35. Qb3+ Ke7 36. Qb4+ Ke6) 35. Kg2 {[%emt 0:00:41] [#]} (35. Kf2 $15) 35... Qd5+ $1 36. Kg1 Kf7 37. Qb6 (37. Qc3 $17) 37... Qd1+ ({Less strong is} 37... Qxe5 38. Qxb7+ Kg8 39. Qf3 $15) 38. Kg2 Qc2+ 39. Kg1 Qc1+ 40. Kg2 $2 (40. Kf2 $19) 40... Qc6+ {[%emt 0:01:48] Black mates.} 41. Qxc6 bxc6 {[%emt 0:30:00] KP-KP} 42. Kf3 Ke6 43. Ke4 g5 44. Kd4 g4 45. Ke4 c5 46. Kf4 g6 47. Ke4 g5 {[%emt 0:00:00] Weighted Error Value: White=0.38/Black=0.14 (very precise) .  Loses game:     	White=1     	---        Missed win:     	---       	Black=1      Mistake:       	White=4     	Black=1      Inaccurate:     	White=2     	Black=1      OK:         	White=13    	Black=11     Best:        	White=2     	Black=2      Strong:       	White=3     	Black=4} 0-1

[Event "45th FIDE Womens Olympiad 2024"]
[Site "Budapest"]
[Date "2024.09.16"]
[Round "6.23"]
[White "Sharaf, Hawra"]
[Black "Sisior, Dilyolt Kyarii Parra"]
[Result "0-1"]
[ECO "C26"]
[WhiteElo "1595"]
[BlackElo "1488"]
[PlyCount "78"]
[EventDate "2024.09.05"]
[EventType "team-tourn"]
[EventCountry "HUN"]
[WhiteTeam "Bahrain"]
[BlackTeam "Palau"]
[WhiteTeamCountry "BHN"]
[BlackTeamCountry "PAL"]
[TimeControl "40/5400+30:1800+30"]

1. e4 e5 2. Nc3 b6 3. d3 Bb7 4. Nge2 Nf6 5. g3 Nc6 6. Bg2 Bc5 7. O-O Nd4 8. Be3 d5 9. Bxd4 exd4 10. e5 dxc3 11. exf6 cxb2 12. Rb1 Qxf6 13. d4 Bd6 14. Rxb2 O-O 15. c3 Rab8 16. Nc1 Rfe8 17. Nb3 c6 18. Re2 c5 19. Rxe8+ Rxe8 20. Qg4 g6 21. Qd7 Re7 22. Qg4 Ba6 23. Rc1 Re2 24. Bf3 h5 25. Bxe2 hxg4 26. Bxa6 cxd4 27. cxd4 Kg7 28. Rc6 Qe7 29. Bc8 f5 30. Ba6 Qe1+ 31. Kg2 Bb4 32. Rc7+ Kh6 33. Nc1 Bd6 34. Rc6 f4 35. gxf4 Qe4+ 36. Kf1 Qh1+ 37. Ke2 Bxf4 38. Nd3 Qe4+ 39. Kf1 Qxd4 {0-} 0-1

[Event "45th FIDE Womens Olympiad 2024"]
[Site "Budapest"]
[Date "2024.09.16"]
[Round "6.24"]
[White "Balajayeva, Khanim"]
[Black "Bach, Ngoc Thuy Duong"]
[Result "1/2-1/2"]
[ECO "B51"]
[WhiteElo "2384"]
[BlackElo "2214"]
[Annotator "TA"]
[PlyCount "75"]
[EventDate "2024.09.05"]
[EventType "team-tourn"]
[EventCountry "HUN"]
[SourceTitle "playchess.com"]
[Source "ChessBase"]
[SourceQuality "1"]
[WhiteTeam "Azerbaijan"]
[BlackTeam "Vietnam"]
[WhiteTeamCountry "AZE"]
[BlackTeamCountry "VIE"]
[TimeControl "40/5400+30:1800+30"]

1. e4 c5 2. Nf3 d6 3. Bb5+ Nd7 4. a4 Ngf6 5. Nc3 g6 6. O-O Bg7 7. a5 a6 8. Be2 {[%emt 0:00:26] White is slightly better.} O-O 9. d3 b5 10. axb6 Nxb6 11. Be3 Bb7 12. Qd2 Qc7 13. Bh6 e5 14. h4 Rfe8 15. Bxg7 Kxg7 16. Nh2 d5 17. Nxd5 Nbxd5 18. exd5 Nxd5 19. Bf3 $1 Nf4 20. Rfe1 f6 21. Qa5 Qd7 22. Qa4 ({Don't play} 22. Qxc5 Bxf3 (22... Rec8 23. Qe3 $11) 23. Nxf3 Rac8 $15) 22... Qc8 23. Bxb7 Qxb7 {[%emt 0:00:08][%csl Gf4][%cal Rb7g2] [#]} 24. Nf3 (24. Qe4 {simplifies} Qxe4 25. Rxe4 Ne6 26. Rea4) 24... Reb8 25. b3 Qc8 26. Re4 {[%emt 0:01:34] Wards off Rb4} (26. Qe4 $14 Qd8 27. g3) 26... Qg4 (26... a5 $1 $11) 27. Ne1 $14 Rb4 28. Rxb4 (28. Qc6 $14 Rxe4 29. dxe4) 28... cxb4 $11 {[%emt 0:00:08] The position is equal.} 29. Qc6 Ra7 30. Rxa6 Rxa6 31. Qxa6 Qxh4 {[%emt 0:01:47][%mdl 4096] Endgame. KQN-KQN} 32. Qb7+ Kh6 33. g3 Qg4 34. Qh1+ Kg7 35. Qb7+ Kh6 36. Qh1+ Kg7 37. Qb7+ Kh6 38. Qh1+ {[%emt 0:01:25] Weighted Error Value: White=0.09 (flawless) /Black=0.10 (very precise) .  Mistake:       	White=2     	Black=1      Inaccurate:     	White=1     	Black=2      OK:         	White=13    	Black=9      Best:        	White=1     	Black=3      Strong:       	White=1     	---} 1/2-1/2

[Event "45th FIDE Womens Olympiad 2024"]
[Site "Budapest"]
[Date "2024.09.16"]
[Round "6.24"]
[White "Parrado, Angelica"]
[Black "Yaqoob, Wafa"]
[Result "0-1"]
[ECO "A08"]
[WhiteElo "1741"]
[BlackElo "1438"]
[PlyCount "98"]
[EventDate "2024.09.05"]
[EventType "team-tourn"]
[EventCountry "HUN"]
[WhiteTeam "Palau"]
[BlackTeam "Bahrain"]
[WhiteTeamCountry "PAL"]
[BlackTeamCountry "BHN"]
[TimeControl "40/5400+30:1800+30"]

1. Nf3 Nf6 2. d3 d5 3. g3 c5 4. Bg2 Nc6 5. b3 Bf5 6. Bb2 e6 7. Nbd2 Be7 8. c3 h6 9. O-O O-O 10. Re1 Re8 11. Nh4 Bh7 12. a3 Qb6 13. Qc2 Rac8 14. Rab1 Qc7 15. Nhf3 b5 16. e4 c4 17. Nd4 Nxd4 18. cxd4 c3 19. Ba1 cxd2 20. Qxd2 Bxa3 21. e5 Nd7 22. Bb2 Bxb2 23. Rxb2 Qc3 24. Qxc3 Rc7 25. Qc4 Rxc4 26. Bf1 Rc3 27. Kg2 Rec8 28. Reb1 Bxd3 29. Ra1 Bxf1+ 30. Rxf1 Rd3 31. Ra1 Rc7 32. Ra6 Rxd4 33. f4 Nc5 34. Rd6 Rd3 35. b4 Na4 36. Rf2 Rb3 37. Kh3 Rxb4 38. f5 Re7 39. f6 gxf6 40. exf6 Rc7 41. Rd8+ Kh7 42. Re8 Nc5 43. Re7 Rd7 44. Ra2 d4 45. Rxa7 Rxa7 46. Rxa7 Kg6 47. g4 d3 48. Rc7 d2 49. Rxc5 d1=Q {0-} 0-1

[Event "45th FIDE Womens Olympiad 2024"]
[Site "Budapest"]
[Date "2024.09.16"]
[Round "6.25"]
[White "Tokhirjonova, Gulrukhbegim"]
[Black "Kosteniuk, Alexandra"]
[Result "1/2-1/2"]
[ECO "C47"]
[WhiteElo "2380"]
[BlackElo "2483"]
[Annotator "TA"]
[PlyCount "77"]
[EventDate "2024.09.05"]
[EventType "team-tourn"]
[EventCountry "HUN"]
[SourceTitle "playchess.com"]
[Source "ChessBase"]
[SourceQuality "1"]
[WhiteTeam "United States of America"]
[BlackTeam "Switzerland"]
[BlackTeamCountry "SUI"]
[TimeControl "40/5400+30:1800+30"]

1. e4 e5 2. Nf3 Nc6 3. Nc3 Nf6 4. d4 exd4 5. Nxd4 Bb4 6. Nxc6 bxc6 7. Bd3 d5 8. Bd2 O-O 9. O-O Bxc3 10. Bxc3 dxe4 11. Bxf6 Qxf6 12. Bxe4 Qxb2 13. Bxc6 Rb8 14. Rb1 Qxb1 15. Qxb1 Rxb1 16. Rxb1 $11 {[%emt 0:00:11][%mdl 4096] Endgame. KRB-KRB} Rd8 17. Bf3 Kf8 18. h3 Ke7 19. Rb4 Rd6 20. Rc4 Kd8 21. a4 Be6 22. Rc5 Rd4 23. Ra5 {[%emt 0:03:45] The position is equal.} Bd7 24. Rxa7 Rxa4 25. Rxa4 Bxa4 {[%emt 0:00:01] KB-KB} 26. Be4 Ke7 27. Kf1 Kd6 28. Ke2 h6 29. Kd3 Kc5 30. Kc3 g5 31. g3 Bd7 32. h4 gxh4 33. gxh4 f5 34. Bg2 f4 35. Be4 Bb5 36. Bf3 Bc4 37. Be4 Bb5 38. Bf3 Bc4 39. Be4 {[%emt 0:00:04] A rather calm draw.   Weighted Error Value: White=0.02 (flawless) /Black=0.02 (flawless) .  Inaccurate:     	White=1     	---        OK:         	White=18    	Black=8      Best:        	White=1     	---} 1/2-1/2

[Event "45th FIDE Womens Olympiad 2024"]
[Site "Budapest"]
[Date "2024.09.16"]
[Round "6.26"]
[White "Georgescu, Lena"]
[Black "Yip, Carissa"]
[Result "0-1"]
[ECO "B56"]
[WhiteElo "2266"]
[BlackElo "2386"]
[Annotator "TA"]
[PlyCount "100"]
[EventDate "2024.09.05"]
[EventType "team-tourn"]
[EventCountry "HUN"]
[SourceTitle "playchess.com"]
[Source "ChessBase"]
[SourceQuality "1"]
[WhiteTeam "Switzerland"]
[BlackTeam "United States of America"]
[WhiteTeamCountry "SUI"]
[TimeControl "40/5400+30:1800+30"]

1. e4 c5 2. Nf3 d6 3. d4 cxd4 4. Nxd4 Nf6 5. Nc3 h6 6. Bc4 e6 7. Bb3 a6 8. Be3 {[%emt 0:04:52] White is slightly better.} Qc7 9. Qe2 b5 10. O-O-O Bb7 11. f3 Nbd7 12. g4 Nc5 13. h4 Nxb3+ 14. axb3 (14. cxb3 $2 {is the wrong capture.} b4 15. Bd2 (15. g5 $2 Nh5 $19) 15... d5 $19 (15... bxc3 $2 16. Bxc3 Be7 17. Kb1 $19)) 14... g6 15. Qd2 (15. b4 $5) 15... Nd7 16. Kb1 Nc5 (16... Rc8 $11) 17. h5 {[%emt 0:01:19] Black must now prevent hxg6.} g5 18. Rhe1 Be7 19. b4 (19. f4 $5) 19... Nd7 20. Nb3 Ne5 21. Qf2 Nc4 22. Bd4 Rg8 {[%emt 0:01:00] [#]} (22... O-O $11) 23. Na5 $1 Rc8 (23... Bc6 24. b3) 24. Nxb7 (24. Nxc4 $16 Qxc4 25. Bb6) 24... Qxb7 $11 25. Na2 a5 26. bxa5 Nxa5 27. b3 Nc6 28. Bb2 Ra8 29. Qd2 b4 30. Nc1 Qa6 31. c4 bxc3 32. Qxc3 Kd7 33. Re3 Rgc8 (33... e5 $15 {deserves consideration.}) 34. Red3 {[%emt 0:00:37] [#]} (34. Qg7 $1 $11 {keeps the balance.}) 34... Na7 $1 $17 {[%emt 0:02:30] Chess con chili.} 35. Qd2 {[%emt 0:01:02] Now White is beyond hope.} (35. Qg7 $17) 35... Nb5 $19 36. b4 Ke8 37. Qe3 $2 (37. Re1) 37... Bd8 (37... Bf6 $142 {[%cal Oa6a1] ( -> ...Qa1+!)} 38. e5 Bxe5 39. Bxe5 dxe5 40. Qxe5 Na3+ 41. Rxa3 Qxa3 42. Qh8+ Ke7) 38. Qd2 $2 (38. R1d2 Bb6 39. Qe2) 38... Qa4 39. Rf1 Rc4 40. Qd1 Qxb4 41. Qb3 {[%emt 0:06:48] Prevents Rc3} Qc5 42. Na2 {[%emt 0:04:08] Wards off Rb4} Rb8 43. Ka1 Rb6 {[%emt 0:04:42] aiming for ...Nd4.} 44. Qd1 Ra6 45. Kb1 Rca4 46. Nc1 Na3+ 47. Rxa3 Rxa3 48. Re1 Qb4 49. Re2 Ra1+ 50. Kc2 Qa4+ {[%emt 0:00:49] Weighted Error Value: White=0.89/Black=0.18 (very precise) .  Loses game:     	White=1     	---        Mistake:       	White=4     	Black=4      Inaccurate:     	White=7     	Black=4      OK:         	White=4     	Black=15     Best:        	---       	Black=2      Strong:       	---       	Black=1} 0-1

[Event "45th FIDE Womens Olympiad 2024"]
[Site "Budapest"]
[Date "2024.09.16"]
[Round "6.27"]
[White "Lee, Alice"]
[Black "Hryzlova, Sofiia"]
[Result "1-0"]
[ECO "D37"]
[WhiteElo "2384"]
[BlackElo "2188"]
[Annotator "TA"]
[PlyCount "111"]
[EventDate "2024.09.05"]
[EventType "team-tourn"]
[EventCountry "HUN"]
[SourceTitle "playchess.com"]
[Source "ChessBase"]
[SourceQuality "1"]
[WhiteTeam "United States of America"]
[BlackTeam "Switzerland"]
[BlackTeamCountry "SUI"]
[TimeControl "40/5400+30:1800+30"]

1. d4 Nf6 2. c4 e6 3. Nf3 d5 4. Nc3 a6 5. cxd5 exd5 6. Bg5 {[%emt 0:00:49] D37: Queen's Gambit Declined: 5 Bf4.} Be6 7. e3 Nbd7 8. Bd3 Bd6 9. O-O c6 10. Bf4 Qc7 11. Qd2 {[%emt 0:01:05] is cutting edge theory.} O-O 12. h3 Nb6 13. b3 g6 $146 ({Predecessor:} 13... Rae8 14. a4 Nc8 15. Be5 Kh8 16. Qc2 Bxe5 17. Nxe5 Nd6 18. Rfc1 a5 19. Nb5 Qe7 20. Nxd6 Qxd6 {½-½ Navara,D (2699)-Mikhalevski,V (2559) EU-chT 23rd Terme Catez 2021 (5.1)}) 14. Rac1 Nc8 15. Ne5 Nh5 16. Bh2 (16. Bh6 {looks sharper.} Ng7 17. e4 Nb6 18. Ng4) 16... f6 17. Nf3 Bxh2+ 18. Nxh2 Nd6 19. Rfd1 f5 20. Nf3 Ne4 21. Qc2 Qg7 22. Ne5 g5 23. Na4 Rae8 24. b4 Kh8 25. Nc5 Bc8 26. a4 Nxc5 27. bxc5 g4 28. hxg4 fxg4 29. g3 (29. Rf1 {simplifies} Qh6 30. Rce1 Rf6 31. Qd1) 29... Qh6 30. Kg2 Nxg3 31. Rh1 $1 (31. fxg3 $2 Qh3+ 32. Kg1 Qxg3+ 33. Kh1 (33. Qg2 $2 Qxe3+ 34. Kh1 Rxe5 $19) 33... Rxe5 $19 (33... Qxe3 $2 34. Qh2 $18) (33... Rf2 $2 34. Qxf2 Qxf2 35. Rc2 $19)) 31... Nxh1 32. Rxh1 Qf6 33. Ng6+ (33. Bxh7 $5 Kg7 $8 34. Rh5 $11) 33... Kg8 $1 34. Nxf8 Rxf8 35. Bxh7+ (35. Rxh7 $2 {is the wrong capture.} Qf3+ 36. Kg1 g3 37. fxg3 Bf5 38. Bxf5 (38. Rxb7 {is a self mate.} Bxd3 39. Qg2 Qxe3+ 40. Kh2 Be4 41. Rb2 Bxg2 42. Kxg2 Kg7 43. Rb7+ Kg6) 38... Rxf5 $19) 35... Kg7 36. Qe2 Qg5 37. Bc2 Rf3 38. Qd3 Rh3 39. Qf1 Rf3 40. Rh7+ Kf6 41. Qh1 (41. Qb1 $5 g3 $8 (41... Rh3 $2 42. Qb6 $18) 42. Kxf3 $11) 41... Rh3 42. Rxh3 gxh3+ 43. Kh2 a5 44. Qf3+ Ke7 45. Qg3 Qf6 (45... Qxg3+ $11 46. Kxg3 Kd8) 46. Bd3 ({Better is} 46. f3 $16) 46... Bg4 $2 (46... Qe6 $14) 47. Qxg4 Qxf2+ 48. Kh1 Qxe3 49. Qe2 Qxe2 50. Bxe2 Kf6 {[%emt 0:00:35] [#]} 51. Bg4 $1 Kg5 52. Bxh3 Kf4 {[%emt 0:00:09] [#]} 53. Bc8 $1 Ke4 54. Bxb7 Kxd4 55. Bxc6 Kxc5 56. Bb5 1-0

[Event "45th FIDE Womens Olympiad 2024"]
[Site "Budapest"]
[Date "2024.09.16"]
[Round "6.28"]
[White "Manko, Mariia"]
[Black "Zatonskih, Anna"]
[Result "1-0"]
[ECO "D11"]
[WhiteElo "2159"]
[BlackElo "2320"]
[Annotator "TA"]
[PlyCount "73"]
[EventDate "2024.09.05"]
[EventType "team-tourn"]
[EventCountry "HUN"]
[SourceTitle "playchess.com"]
[Source "ChessBase"]
[SourceQuality "1"]
[WhiteTeam "Switzerland"]
[BlackTeam "United States of America"]
[WhiteTeamCountry "SUI"]
[TimeControl "40/5400+30:1800+30"]

1. d4 d5 2. c4 c6 3. Nf3 Nf6 4. g3 Bf5 5. Nc3 e6 6. Nh4 Be4 7. f3 Bg6 8. Qb3 {[%emt 0:00:16] White is slightly better.} Qd7 9. Nxg6 hxg6 10. Be3 Be7 11. Bg2 Qc7 12. O-O Nbd7 13. cxd5 exd5 14. Bf2 O-O {[%emt 0:09:39] White now steadily converts the win.} 15. Kh1 Nb6 16. e4 dxe4 17. fxe4 Rad8 18. a4 a5 19. Rac1 Ng4 20. Bg1 Bg5 21. Rce1 Na8 (21... Kh7 $16 22. Re2 Rde8) 22. e5 $18 Nh6 (22... Kh7 {might work better.} 23. Rf3 Nb6) 23. d5 {[%emt 0:09:49] Hoping for d6.} cxd5 24. Nxd5 {[%emt 0:00:15] White is clearly winning.} Qd7 25. h4 Be7 {[%emt 0:01:25] [#]} (25... Qg4 $142 26. Qd1 (26. hxg5 $2 {loses.} Qh5+ 27. Bh2 Ng4 $19) 26... Qd7 27. hxg5 Nf5) 26. e6 $1 fxe6 {[%emt 0:00:58] [#]} 27. Rxe6 $3 Rxf1 28. Nxe7+ Kh7 29. Bxf1 Nc7 30. Re2 Re8 31. Bc5 Nf5 32. Bh3 Rxe7 33. Bxe7 Qc6+ 34. Bg2 Qc1+ 35. Kh2 Nd4 36. Qe3 Nxe2 37. Qxe2 {[%emt 0:00:04] Weighted Error Value: White=0.23 (precise) /Black=0.30.  Mistake:       	---       	Black=3      Inaccurate:     	---       	Black=4      OK:         	White=9     	Black=8      Best:        	White=1     	Black=1      Brilliant:      	White=1     	---} 1-0

[Event "45th FIDE Womens Olympiad 2024"]
[Site "Budapest"]
[Date "2024.09.16"]
[Round "6.29"]
[White "Wagner, Dinara"]
[Black "Brunello, Marina"]
[Result "1/2-1/2"]
[ECO "D37"]
[WhiteElo "2452"]
[BlackElo "2348"]
[Annotator "TA"]
[PlyCount "64"]
[EventDate "2024.09.05"]
[EventType "team-tourn"]
[EventCountry "HUN"]
[SourceTitle "playchess.com"]
[Source "ChessBase"]
[SourceQuality "1"]
[WhiteTeam "Germany"]
[BlackTeam "Italy"]
[WhiteTeamCountry "GER"]
[BlackTeamCountry "ITA"]
[TimeControl "40/5400+30:1800+30"]

1. d4 d5 2. c4 e6 3. Nf3 h6 4. Nc3 Nf6 5. Bf4 Bd6 6. Bxd6 Qxd6 7. e3 O-O 8. Rc1 {[%emt 0:00:15] White is slightly better.} Qe7 9. Qb3 Rd8 10. Bd3 dxc4 11. Qxc4 Na6 12. Ne4 Nd5 13. a3 Nb8 14. O-O b6 15. Qc2 Bb7 16. Ne5 Rc8 (16... Nd7 $14) 17. Qa4 f6 18. Nf3 {[%emt 0:04:41] White is much more active.} (18. Ng6 {with more complications.} Qd7 19. Qxd7 Nxd7 20. Bb5) 18... c6 19. Bb1 Nd7 20. Rfe1 a5 21. Ng3 (21. Qb3 $5) 21... c5 22. e4 Nf4 {[%emt 0:00:17] [#]} 23. d5 $1 Ne5 24. Nxe5 fxe5 25. Qb3 Qc7 (25... exd5 $15 26. Qxb6 d4) 26. dxe6 {[%emt 0:01:13] Hoping for e7+.} c4 27. Qa4 (27. Qf3 {seems wilder.} Qe7 28. b3 b5 29. bxc4 bxc4 30. Ba2) 27... Nxe6 (27... Kh7 {feels hotter.} 28. Qd7 Qxd7 29. exd7 Rc7) 28. Ba2 Ba6 29. Qd1 Nd4 (29... Nf4 $15 30. Qg4 Kh8) 30. Qh5 b5 31. Nf5 Nxf5 32. exf5 Rf8 {[%emt 0:00:21] Weighted Error Value: White=0.16 (very precise) /Black=0.16 (very precise) .  Mistake:       	---       	Black=3      Inaccurate:     	White=7     	Black=2      OK:         	White=6     	Black=14} 1/2-1/2

[Event "45th FIDE Womens Olympiad 2024"]
[Site "Budapest"]
[Date "2024.09.16"]
[Round "6.29"]
[White "Nihaya, Ahmed"]
[Black "Kovacova, Zuzana"]
[Result "1/2-1/2"]
[ECO "C62"]
[WhiteElo "1589"]
[BlackElo "2020"]
[PlyCount "114"]
[EventDate "2024.09.05"]
[EventType "team-tourn"]
[EventCountry "HUN"]
[WhiteTeam "Maldives"]
[BlackTeam "Bermuda"]
[WhiteTeamCountry "MDV"]
[BlackTeamCountry "BER"]
[TimeControl "40/5400+30:1800+30"]

1. e4 e5 2. Nf3 Nc6 3. Nc3 d6 4. Bb5 Bd7 5. d4 exd4 6. Nxd4 g6 7. Be3 Bg7 8. Qd3 Nf6 9. f3 O-O 10. Nxc6 bxc6 11. Bc4 Re8 12. O-O-O Qe7 13. Bb3 a5 14. g4 c5 15. Bg5 Bc6 16. Bd5 Qd7 17. Bxf6 Bxf6 18. h4 Rab8 19. b3 Bg7 20. g5 Rb4 21. Bxc6 Qxc6 22. Nd5 Rd4 23. Qf1 a4 24. Rxd4 cxd4 25. Qc4 Qxc4 26. bxc4 c6 27. Nb4 Rc8 28. Kd2 Kf8 29. h5 Ke7 30. hxg6 hxg6 31. f4 Ke6 32. Rh7 Bf8 33. Rh8 d5 34. Kd3 dxe4+ 35. Kxe4 Kd7 36. Nd3 Ke6 37. Nc5+ Ke7 38. f5 gxf5+ 39. Kxf5 Rb8 40. Nd3 Rb1 41. Rh7 Rf1+ 42. Ke4 Ke8 43. Kxd4 Rg1 44. Ne5 Rxg5 45. Nxc6 Bg7+ 46. Ke4 Bb2 47. Nb4 Rc5 48. Kd3 Rf5 49. Rh3 Kd7 50. Nd5 Kd6 51. Rh6+ f6 52. c3 Ke5 53. Rh1 Rf3+ 54. Kc2 Rf2+ 55. Kd3 Rf3+ 56. Kc2 Rf2+ 57. Kd3 Rf3+ 1/2-1/2

[Event "45th FIDE Womens Olympiad 2024"]
[Site "Budapest"]
[Date "2024.09.16"]
[Round "6.30"]
[White "Zimina, Olga"]
[Black "Paehtz, Elisabeth"]
[Result "0-1"]
[ECO "D11"]
[WhiteElo "2302"]
[BlackElo "2455"]
[Annotator "TA"]
[PlyCount "70"]
[EventDate "2024.09.05"]
[EventType "team-tourn"]
[EventCountry "HUN"]
[SourceTitle "playchess.com"]
[Source "ChessBase"]
[SourceQuality "1"]
[WhiteTeam "Italy"]
[BlackTeam "Germany"]
[WhiteTeamCountry "ITA"]
[BlackTeamCountry "GER"]
[TimeControl "40/5400+30:1800+30"]

1. d4 d5 2. Nf3 Nf6 3. g3 Bf5 4. Bg2 e6 5. c4 c6 6. Nc3 Be7 7. Qb3 Qb6 8. c5 Qxb3 {[%emt 0:00:05] The position is equal.} 9. axb3 O-O 10. O-O h6 11. b4 a6 12. h3 Nbd7 13. g4 Bh7 14. Bf4 Ne4 15. Ne5 Nxe5 16. Bxe5 (16. Bxe4 $11 {keeps the balance.} Bxe4 17. Bxe5) 16... Nd2 $17 17. Rfe1 Nc4 18. Bg3 Bf6 19. e3 Nxb2 20. f4 Nd3 ({Better is} 20... Nc4 $17 21. Bf1 Nd2) 21. Reb1 $15 g5 $36 {[%emt 0:04:40][%mdl 2048] Strongly threatening ...gxf4. Black has the initiative.} 22. Ne2 gxf4 23. exf4 {[%emt 0:00:31] [#]} b6 {[%emt 0:05:52] Black is much more active.} 24. g5 (24. cxb6 $11 Rfb8 25. f5 (25. g5 $2 Bd8 $19) 25... Rxb6 26. Rb3 Nxb4 (26... Rxb4 27. Rxd3 Rb2 28. Kf1 $16) 27. Bd6) 24... hxg5 25. fxg5 Bxg5 26. cxb6 {[%emt 0:00:12][%cal Ob4b5] [#]} e5 $1 27. b7 (27. h4 Be3+) 27... Rab8 28. Rxa6 (28. b5 $2 axb5 (28... Rxb7 29. bxc6 Rxb1+ 30. Rxb1 $11) 29. Bxd5 (29. Ra7 $2 f5 $19) 29... cxd5 $19) 28... Rxb7 29. Rxc6 Be3+ (29... Rxb4 30. Rxb4 Be3+ (30... Nxb4 31. Rb6 $17) 31. Kh2 Nxb4 32. Rb6 $11) (29... Nxb4 30. Rb2 exd4 (30... Nxc6 31. Rxb7 Nxd4 32. Nxd4 $17) 31. Bf4 Nxc6 32. Rxb7 $17) 30. Kh1 (30. Kh2 $142) 30... Nxb4 $19 ({Less strong is} 30... Rxb4 31. Rxb4 Nxb4 32. Rb6 $17) 31. Rb3 exd4 {[%emt 0:02:54] Threatens to win with ...d3.} 32. Nf4 d3 33. Nxd5 $2 (33. Nxd3 Bxd3 34. Bxd5) 33... Nxd5 {[%emt 0:00:59] Black is clearly winning.} (33... Nxc6 $2 34. Rxb7 Bg5 35. Nc3 $17) 34. Rxb7 d2 35. Bf3 {[%emt 0:00:33] [#]} Be4 $1 {[%emt 0:00:04][%mdl 512] Weighted Error Value: White=0.55/Black=0.09 (flawless) .  Mistake:       	White=4     	Black=2      Inaccurate:     	White=4     	---        OK:         	White=11    	Black=13     Best:        	White=1     	Black=2      Brilliant:      	---       	Black=1} 0-1